 Dungeon Crawl Stone Soup version 0.27.1-34-g3ba077fa99 (webtiles) character file.

Game seed: 6297200399977329263

80574 zeram the Peltast (level 15, -9/78 HPs)
             Began as a Gargoyle Fighter on Jan 1, 2022.
             Was an Initiate of Gozag.
             Killed from afar by a Brimstone Fiend (47 damage)
             ... with damnation
             ... summoned by a deep elf demonologist
             ... on level 1 of the Elven Halls on Jan 2, 2022.
             The game lasted 01:00:02 (20644 turns).

zeram the Peltast (Gargoyle Fighter)               Turns: 20644, Time: 01:00:02

Health: -9/78      AC: 44    Str: 33    XL:     15   Next: 67%
Magic:  15/15      EV: 14    Int: 18    God:    Gozag
Gold:   2264       SH: 37    Dex: 14    Spells: 14/14 levels left

rFire    . . .     SeeInvis +   q - +6 flail (protect)
rCold    + . .     Faith    .   m - +12 tower shield of Doehomnoked {Regen+}
rNeg     + + .     Spirit   .   N - +0 plate armour
rPois    ∞         Reflect  .   o - +3 crown of Dyrovepreva {rElec Int+2 SInv}
rElec    +         Harm     .   K - +2 cloak of the Hanged Man {rElec rN+ Dex+2}
rCorr    +         Rampage  .   a - +2 pair of gloves
Will     +....                  d - +0 pair of boots
Stlth    ..........             j - amulet of regeneration
HPRegen  2.23/turn              F - ring "Huvvoq" {rC+ rCorr EV+4 Int+8 Dex+3 Slay-3}
MPRegen  0.14/turn              v - +6 ring of strength

@: about to teleport, under a protective aura, flying
A: sickness immunity, AC +11, big wings, negative energy resistance 1,
electricity resistance, torment resistance 1, petrification resistance
a: Renounce Religion, Potion Petition, Call Merchant, Bribe Branch


You were on level 1 of the Elven Halls.
You worshipped Gozag.
Gozag was most pleased with you.
You visited 5 branches of the dungeon, and saw 22 of its levels.
You visited the Abyss 1 time.

You collected 7516 gold pieces.
You spent 3739 gold pieces at shops.
You paid 1513 gold pieces to Gozag.

Inventory:

Hand Weapons
 i - a +2 flail of holy wrath
 q - a +6 flail of protection (weapon)
 O - the +2 whip "Duimoawa" {vorpal, Int+4 Dex+6}
   (You found it on level 4 of the Lair of Beasts)

   It inflicts extra damage upon your enemies.
   Int:       It affects your intelligence (+4).
   Dex:       It affects your dexterity (+6).
 R - a +1 eveningstar of draining
Missiles
 E - a throwing net (quivered)
Armour
 a - a +2 pair of gloves (worn)
 b - a +0 scale mail
 c - a +0 kite shield
 d - a +0 pair of boots (worn)
 m - the +12 tower shield of Doehomnoked (worn) {Regen+}
   (You acquired it on level 6 of the Dungeon)

   Regen:     It increases your rate of health regeneration.
 o - the +3 crown of Dyrovepreva (worn) {rElec Int+2 SInv}
   (You bought it in a shop on level 1 of the Orcish Mines)

   Int:       It affects your intelligence (+2).
   rElec:     It insulates you from electricity.
   SInv:      It lets you see invisible.
 r - a +0 helmet
 s - a +1 cloak
 K - the +2 cloak of the Hanged Man (worn) {rElec rN+ Dex+2}
   (You bought it in a shop on level 2 of the Orcish Mines)

   Dex:       It affects your dexterity (+2).
   rElec:     It insulates you from electricity.
   rN:        It protects you from negative energy.
 N - a +0 plate armour (worn)
 P - the +2 hat of Boiling Hail {MP+9}
   (You found it on level 4 of the Lair of Beasts)

   MP:        It affects your magic capacity (+9).
Jewellery
 j - an amulet of regeneration (around neck)
 v - a +6 ring of strength (right hand)
 A - a ring of see invisible
 F - the ring "Huvvoq" (left hand) {rC+ rCorr EV+4 Int+8 Dex+3 Slay-3}
   (You bought it in a shop on level 2 of the Lair of Beasts)

   [ring of evasion]

   EV:        It affects your evasion (+4).
   Int:       It affects your intelligence (+8).
   Dex:       It affects your dexterity (+3).
   Slay:      It affects your accuracy & damage with ranged weapons and melee
   (-3).
   rC:        It protects you from cold.
   rCorr:     It protects you from acid and corrosion.
 G - a ring of fire
 I - a ring of resist corrosion
Wands
 e - a wand of paralysis (5)
 p - a wand of flame (9)
 u - a wand of polymorph (13)
 B - a wand of digging (6)
 H - a wand of mindburst (26)
 L - a wand of iceblast (10)
Scrolls
 k - a scroll of brand weapon
 t - a scroll of fog
 x - a scroll of magic mapping
 y - a scroll of silence
 z - 3 scrolls of vulnerability
 C - 5 scrolls of noise
 D - 4 scrolls of amnesia
 M - 5 scrolls of identify
 S - a scroll of fear
Potions
 f - a potion of curing
 g - 5 potions of attraction
 h - 3 potions of degeneration
 l - 3 potions of mutation
 n - 5 potions of flight
 w - a potion of magic
 J - a potion of lignification


   Skills:
 - Level 3.4 Fighting
 + Level 14.7 Maces & Flails
 + Level 10.2 Armour
 + Level 6.6 Dodging
 + Level 20.1 Shields


You had 14 spell levels left.
You didn't know any spells.
Your spell library contained the following spells:

 Spells                   Type           Power      Damage    Failure   Level
 Animate Skeleton         Necr           0%         N/A       94%         1
 Magic Dart               Conj           0%         1d3       94%         1
 Pain                     Necr           0%         1d4       94%         1
 Call Imp                 Summ           0%         N/A       98%         2
 Ensorcelled Hibernation  Hex/Ice        0%         N/A       98%         2
 Wereblood                Tmut           0%         N/A       98%         2
 Frozen Ramparts          Ice            0%         1d2       100%        3
 Gell's Gravitas          Tloc           0%         N/A       100%        3
 Lesser Beckoning         Tloc           0%         N/A       100%        3
 Mephitic Cloud           Conj/Pois/Air  0%         N/A       100%        3
 Ozocubu's Armour         Ice            0%         N/A       100%        3
 Spider Form              Tmut/Pois      0%         N/A       100%        3
 Teleport Other           Tloc           0%         N/A       100%        3
 Vampiric Draining        Necr           0%         2d6       100%        3
 Airstrike                Air            0%         N/A       100%        4
 Ice Form                 Ice/Tmut       0%         N/A       100%        4
 Petrify                  Tmut/Erth      0%         N/A       100%        4
 Summon Ice Beast         Ice/Summ       0%         N/A       100%        4
 Summon Lightning Spire   Summ/Air       0%         N/A       100%        4
 Lightning Bolt           Conj/Air       0%         1d11      100%        5
 Metabolic Englaciation   Hex/Ice        0%         N/A       100%        5
 Shadow Creatures         Summ           N/A        N/A       100%        6
 Simulacrum               Ice/Necr       0%         N/A       100%        6
 Summon Hydra             Summ           0%         N/A       100%        7
 Sublimation of Blood     Necr           Unusable   N/A       N/A         2
 Statue Form              Tmut/Erth      Unusable   N/A       N/A         6

Dungeon Overview and Level Annotations

Branches:
Dungeon (12/15)            Temple (1/1) D:5            Lair (6/6) D:10
 Shoals (0/4) Lair:4       Spider (0/4) Lair:3        Slime (0/5) Lair:5
    Orc (2/2) D:11            Elf (1/3) Orc:2

Altars:
Ashenzari
Cheibriados
Dithmenos
Elyvilon
Fedhas
Gozag
Hepliaklqana
Kikubaaqudgha
Makhleb
Nemelex Xobeh
Okawaru
Qazlal
Ru
Sif Muna
Trog
Uskayaw
Vehumet
Wu Jian
Xom
Yredelemnul
Zin
The Shining One
Beogh

Shops:
Orc:1 [[?*[   Orc:2 =[((   Lair:2 =

Annotations:
D:3 2 transporters, 2bobheroes's ghost, amateur TrHu
Lair:5 2 transporters, Caath's ghost, journeyman DrFi
Orc:1 Saint Roka


Innate Abilities, Weirdness & Mutations

You are immune to sickness and miasma.
Your stone body is resilient. (AC +11)
You are immune to poison.
Your large and strong wings let you fly.
You resist negative energy. (rN+)
You are resistant to electric shocks. (rElec)
You are resistant to unholy torment.
You are immune to petrification.


Message History

The damnation engulfs the Brimstone Fiend.
The Brimstone Fiend completely resists.
Okay, then.
Okay, then.
The deep elf archer blinks!
You block the deep elf zephyrmancer's attack.
The ynoxinul is distracted by your dazzling golden aura.
The deep elf zephyrmancer casts a spell at you.
The bolt of lightning hits you but does no damage.
You hear a bellow!
Press: ? - help, v - describe, . - travel
Here: a Brimstone Fiend (moderately wounded, summoned)
The floor.
You sock the Brimstone Fiend!
The Brimstone Fiend is heavily wounded.
The deep elf zephyrmancer mumbles some strange words.
The deep elf zephyrmancer blinks!
The Brimstone Fiend gestures at you.
The sphere of damnation explodes!
The damnation engulfs you!!
The damnation engulfs the Brimstone Fiend.
The Brimstone Fiend completely resists.
You feel better. You block the Brimstone Fiend's attack.
The Brimstone Fiend barely misses you. You block the Brimstone Fiend's attack.
As you read the scroll of teleportation, it crumbles to dust.
You feel strangely unstable.
You block the deep elf zephyrmancer's attack.
You block the Brimstone Fiend's attack. x2
The Brimstone Fiend hits you but does no damage.
Unknown command.
You closely miss the deep elf zephyrmancer.
The deep elf zephyrmancer is heavily wounded.
The deep elf zephyrmancer mumbles some strange words.
The deep elf zephyrmancer blinks!
The Brimstone Fiend barely misses you.
You block the Brimstone Fiend's attack. x2
Unknown command.
The Brimstone Fiend gestures at you.
The sphere of damnation explodes!
The damnation engulfs you!!!
Ouch! That really hurt!
You die...
Your body crumbles into a pile of gold.

#.. #.# #.. #.. ..# ..#
#.# ##+# #.# #.. #...#
#.# #.# #....###.# #.#
#.....##.#####4##
#.....##.e.@.1e.###
#.....##.#####e3..+
#.....##.# ##.###
#.....##.# #$#
#.....'..# #.4$.§#
#.....##.# #.§.e3....
#.....##.##............
#.....##..+............
#.....##.##............


You could see a Brimstone Fiend (summoned), a deep elf demonologist, an orange
demon (summoned), 2 deep elf zephyrmancers and a ynoxinul (summoned).

Vanquished Creatures
  A bone dragon (D:12)
  Kirke (Elf:1)
  An orc warlord (Orc:2)
  Azrael (Orc:1)
  4 dire elephants (Lair:6)
  4 hydras
  3 catoblepae (Lair:6)
  3 boulder beetles
  A death knight (D:7)
  6 death yaks
  4 two-headed ogres
  Erica (D:10)
  2 orc high priests (Orc:2)
  Sonja (D:12)
  A deep elf knight (Elf:1)
  A spectral anaconda (Lair:6)
  An obsidian statue (Lair:6)
  A deep elf pyromancer (Elf:1)
  4 necromancers (Lair:6)
  2 lindwurms (Lair:4)
  3 orc knights
  3 orc sorcerers
  A wolf spider (Lair:4)
  An oklob plant (Lair:5)
  18 elephants
  3 merfolk sirens (Lair:4)
  Maurice (D:9)
  A cyclops (D:11)
  A dire elephant zombie (Lair:6)
  7 black mambas
  3 gargoyles (D:11)
  A dire elephant skeleton (Lair:6)
  An unseen horror (D:11)
  Maggie (D:6)
  9 cane toads
  4 rime drakes
  6 komodo dragons
  3 trolls
  A merfolk (Lair:4)
  Grinder (D:6)
  2 spectral elephants (Lair:6)
  6 slime creatures (D:9)
  16 blink frogs
  4 dream sheep (Lair:4)
  4 redbacks
  A dire elephant simulacrum (Lair:6)
  3 wraiths
  3 vampires
  4 wyverns
  3 water elementals (D:11)
  A tarantella (Lair:4)
  48 yaks
  A chaos spawn (Abyss:2)
  A fire elemental (Orc:2)
  Grum (D:9)
  2 basilisks
  3 wargs
  Edmund (D:6)
  A spectral cane toad (Lair:6)
  2 acid dragons
  20 water moccasins
  5 hell hounds (Orc:2)
  A hornet zombie (D:5)
  An ice beast (D:4)
  A sky beast (D:6)
  37 orc warriors
  A black bear (Lair:2)
  13 wolves
  6 ogres
  A necrophage (D:7)
  2 small abominations
  A centaur (D:8)
  A phantom (D:5)
  2 kobold brigands
  Blork the orc (D:4)
  8 bullfrogs
  A gnoll sergeant (D:8)
  4 scorpions
  A water moccasin zombie (D:5)
  10 killer bees
  11 electric eels
  8 wights
  2 howler monkeys (D:7)
  3 lava snakes (Lair:4)
  7 centaur zombies
  3 hounds
  A bullfrog skeleton (D:6)
  A centaur skeleton (D:5)
  14 orc priests
  6 iguanas
  28 orc wizards
  3 howler monkey zombies
  7 gnolls
  8 adders
  A howler monkey skeleton (D:6)
  A shadow imp (D:6)
  3 white imps
  2 ufetubi
  A worm (D:2)
  2 dart slugs (D:4)
  89 orcs
  7 bats
  10 endoplasms
  4 giant cockroaches
  4 goblins
  5 hobgoblins
  2 quokkas
  5 ball pythons
  3 frilled lizards
  18 kobolds
  11 rats
606 creatures vanquished.

Vanquished Creatures (collateral kills)
  A dire elephant skeleton (Lair:6)
  A spectral elephant (Lair:6)
  An elephant simulacrum (Lair:6)
3 creatures vanquished.

Vanquished Creatures (others)
  4 humans (Elf:1)
  3 orc wizards
  A white imp (Abyss:2)
  6 orcs
  37 fungi
  29 plants
  25 withered plants (Lair:6)
105 creatures vanquished.

Grand Total: 714 creatures vanquished

Notes
Turn   | Place    | Note
-------+----------+-------------------------------------------
     0 | D:1      | zeram the Gargoyle Fighter began the quest for the Orb.
     0 | D:1      | Reached XP level 1. HP: 14/14 MP: 1/1
   251 | D:1      | Reached XP level 2. HP: 19/19 MP: 2/2
   784 | D:1      | Reached XP level 3. HP: 23/23 MP: 3/3
  1031 | D:2      | Reached XP level 4. HP: 28/28 MP: 4/4
  1500 | D:2      | Reached skill level 4 in Shields
  1797 | D:3      | Found a transporter.
  1805 | D:3      | Identified the +2 spear of Fortitude {venom, *Slow Will++}
  1876 | D:3      | Noticed a water moccasin
  1876 | D:3      | an orc priest changed into a water moccasin
  1883 | D:3      | Reached skill level 1 in Dodging
  1883 | D:3      | Reached XP level 5. HP: 9/32 MP: 5/5
  1887 | D:3      | Killed a water moccasin
  1888 | D:3      | Reached XP level 6. HP: 13/37 MP: 6/6
  1960 | D:3      | Found an opulent altar of Gozag.
  1971 | D:3      | Became a worshipper of Gozag Ym Sagoz the Greedy
  2234 | D:3      | Noticed 2bobheroes's ghost (amateur TrHu)
  2311 | D:3      | Found a transporter.
  2362 | D:3      | Found a burning altar of Makhleb.
  2711 | D:4      | Reached skill level 5 in Shields
  2744 | D:4      | Noticed an ice beast
  2802 | D:4      | Killed an ice beast
  2803 | D:4      | Reached XP level 7. HP: 23/41 MP: 7/7
  2948 | D:4      | Noticed Blork the orc
  2957 | D:4      | Killed Blork the orc
  2958 | D:4      | Reached skill level 5 in Maces & Flails
  2958 | D:4      | Reached skill level 5 in Armour
  3789 | D:5      | Entered Level 5 of the Dungeon
  3955 | D:5      | Reached skill level 6 in Shields
  3955 | D:5      | Reached XP level 8. HP: 46/46 MP: 8/8
  4130 | D:5      | Found a staircase to the Ecumenical Temple.
  4782 | D:5      | Identified a scroll of acquirement
  4831 | D:6      | Acquired the +12 tower shield of Doehomnoked {Regen+}
  4898 | D:6      | Noticed Maggie
  4935 | D:6      | Killed Maggie
  4936 | D:6      | Reached skill level 7 in Shields
  4936 | D:6      | Reached XP level 9. HP: 42/51 MP: 9/9
  5160 | D:6      | Noticed Grinder
  5167 | D:6      | Killed Grinder
  5273 | D:6      | Noticed Edmund
  5292 | D:6      | Killed Edmund
  5293 | D:6      | Reached skill level 8 in Shields
  5362 | D:6      | Found a sacrificial altar of Ru.
  5581 | D:7      | Found an ancient bone altar of Kikubaaqudgha.
  5773 | D:7      | Found a hazy altar of Hepliaklqana.
  6000 | D:7      | Reached skill level 9 in Shields
  6036 | D:7      | Found a bloodstained altar of Trog.
  6053 | D:7      | Reached XP level 10. HP: 56/56 MP: 10/10
  6172 | D:7      | Noticed a death knight
  6567 | D:7      | Killed a death knight
  6753 | D:7      | Reached skill level 10 in Shields
  6919 | Temple   | Entered the Ecumenical Temple
  7520 | D:8      | Found a radiant altar of Vehumet.
  7838 | D:9      | Reached skill level 10 in Maces & Flails
  7904 | D:9      | Noticed Grum
  7949 | D:9      | Killed Grum
  8229 | D:9      | Noticed Maurice
  8240 | D:9      | Killed Maurice
  8241 | D:9      | Reached skill level 11 in Shields
  8241 | D:9      | Reached XP level 11. HP: 60/60 MP: 11/11
  8492 | D:9      | Noticed a two-headed ogre
  8507 | D:9      | Killed a two-headed ogre
  8641 | D:10     | Entered Level 10 of the Dungeon
  8901 | D:10     | Found a staircase to the Lair.
  9005 | D:10     | Noticed a two-headed ogre
  9017 | D:10     | Killed a two-headed ogre
  9018 | D:10     | Reached skill level 12 in Shields
  9129 | D:10     | Noticed Erica
  9205 | D:10     | Killed Erica
  9473 | Lair:1   | Entered Level 1 of the Lair of Beasts
  9523 | Lair:1   | Noticed a seven-headed hydra
  9610 | Lair:1   | Killed a seven-headed hydra
  9737 | Lair:1   | Noticed a four-headed hydra
  9744 | Lair:1   | Reached skill level 13 in Shields
  9760 | Lair:1   | Killed a four-headed hydra
  9761 | Lair:1   | Reached skill level 5 in Dodging
  9761 | Lair:1   | Reached XP level 12. HP: 64/64 MP: 12/12
  9862 | Lair:1   | Found a dark tunnel.
  9890 | Lair:1   | Noticed an eight-headed hydra
  9898 | Lair:1   | Killed an eight-headed hydra
 10126 | Lair:1   | Found the +8 whip "Snakebite" {venom, curare, rPois}
 10350 | Lair:2   | Bought a ring of see invisible for 240 gold pieces
 10351 | Lair:2   | Bought the ring "Huvvoq" {rC+ rCorr EV+4 Int+8 Dex+3
                  | Slay-3} for 1057 gold pieces
 10388 | Lair:2   | Noticed an eight-headed hydra
 10405 | Lair:2   | Killed an eight-headed hydra
 10406 | Lair:2   | Reached skill level 14 in Shields
 11143 | Lair:3   | Noticed a death yak
 11218 | Lair:3   | Killed a death yak
 11243 | Lair:3   | Noticed a death yak
 11245 | Lair:3   | Noticed a death yak
 11247 | Lair:3   | Noticed a death yak
 11248 | Lair:3   | Noticed a death yak
 11277 | Lair:2   | Killed a death yak
 11323 | Lair:2   | Killed a death yak
 11344 | Lair:2   | Killed a death yak
 11353 | Lair:2   | Reached XP level 13. HP: 69/69 MP: 13/13
 11357 | Lair:2   | Reached skill level 15 in Shields
 11539 | Lair:3   | You fall into a shaft and drop 2 floors!
 11776 | Lair:4   | Found a runed translucent door.
 11918 | Lair:4   | Found a staircase to the Shoals.
 11933 | Lair:4   | Reached skill level 16 in Shields
 12811 | Lair:4   | Identified the +2 hat of Boiling Hail {MP+9}
 12813 | Lair:4   | Identified the +2 whip "Duimoawa" {vorpal, Int+4 Dex+6}
 12814 | Lair:4   | Found a runed translucent gate.
 12814 | Lair:4   | Found a runed translucent gate.
 12814 | Lair:4   | Found a runed translucent gate.
 12814 | Lair:4   | Found a runed translucent gate.
 12814 | Lair:4   | Found a runed translucent gate.
 12814 | Lair:4   | Found a runed translucent gate.
 13346 | Lair:5   | Gained mutation: Your large and strong wings let you fly.
                  | [Gargoyle growth]
 13346 | Lair:5   | Reached XP level 14. HP: 74/74 MP: 14/14
 13569 | Lair:5   | Found a transporter.
 13573 | Lair:5   | Noticed Caath's ghost (journeyman DrFi)
 13591 | Lair:5   | Found a transporter.
 13706 | Lair:5   | Reached skill level 17 in Shields
 13961 | Lair:5   | Found a staircase to the Slime Pits.
 14330 | Lair:6   | Entered Level 6 of the Lair of Beasts
 14568 | Lair:6   | Noticed a dire elephant
 14568 | Lair:6   | Noticed a dire elephant
 14568 | Lair:6   | Noticed a dire elephant
 14568 | Lair:6   | Noticed a dire elephant
 15051 | Lair:6   | Reached skill level 18 in Shields
 15835 | Lair:6   | Killed a dire elephant
 15858 | Lair:6   | Killed a dire elephant
 15887 | Lair:6   | Killed a dire elephant
 15913 | Lair:6   | Killed a dire elephant
 16197 | Lair:3   | Found a hole to the Spider Nest.
 16659 | D:11     | Noticed Sonja
 16671 | D:11     | Cast into level 2 of the Abyss (Sonja)
 16793 | Abyss:2  | Noticed a bone dragon
 16816 | D:11     | Escaped the Abyss
 16907 | D:12     | Killed a bone dragon
 16908 | D:12     | Reached skill level 19 in Shields
 16908 | D:12     | Reached XP level 15. HP: 78/78 MP: 15/15
 16926 | D:12     | Killed Sonja
 17270 | D:11     | Found a staircase to the Orcish Mines.
 17770 | Orc:1    | Entered Level 1 of the Orcish Mines
 17904 | Orc:1    | Found Esuibeirad's Armour Emporium.
 18047 | Orc:2    | Entered Level 2 of the Orcish Mines
 18077 | Orc:2    | Noticed Azrael
 18090 | Orc:1    | Noticed an orc warlord
 18252 | Orc:2    | Killed an orc warlord
 18253 | Orc:2    | Reached skill level 10 in Armour
 18470 | Orc:1    | Killed Azrael
 18733 | Orc:2    | Found a staircase to the Elven Halls.
 18847 | Orc:2    | Noticed Saint Roka
 19059 | Orc:1    | Found Cohoilet's Assorted Antiques.
 19197 | Orc:1    | Bought a scroll of acquirement for 1300 gold pieces
 19197 | Orc:1    | Bought a dark potion for 22 gold pieces
 19197 | Orc:1    | Bought a scroll of identify for 50 gold pieces
 19199 | Orc:1    | Found Qyeb's Magic Scroll Emporium.
 19205 | Orc:1    | Bought a scroll of teleportation for 30 gold pieces
 19205 | Orc:1    | Bought a scroll of teleportation for 30 gold pieces
 19205 | Orc:1    | Bought a scroll of identify for 20 gold pieces
 19205 | Orc:1    | Bought a scroll of teleportation for 30 gold pieces
 19205 | Orc:1    | Bought a scroll of fear for 35 gold pieces
 19244 | Orc:1    | Found Tiwoats's Antique Armour Shop.
 19392 | Orc:1    | Acquired 1094 gold pieces
 19483 | Orc:1    | Bought the +3 crown of Dyrovepreva {rElec Int+2 SInv} for
                  | 621 gold pieces
 19483 | Orc:1    | Found the +3 crown of Dyrovepreva {rElec Int+2 SInv}
 19675 | Orc:2    | Found Cuxirazo's Jewellery Emporium.
 20328 | Orc:2    | Found Gewawen's Antique Weapon Boutique.
 20384 | Orc:2    | Found Usaxt's Antique Weapon Boutique.
 20391 | Orc:2    | Reached skill level 20 in Shields
 20394 | Orc:2    | Found Uczaromp's Antique Armour Shop.
 20399 | Orc:2    | Bought a steaming cloak for 304 gold pieces
 20399 | Orc:2    | Identified the +2 cloak of the Hanged Man {rElec rN+ Dex+2}
                  | (You bought it in a shop on level 2 of the Orcish Mines)
 20535 | Elf:1    | Entered Level 1 of the Elven Halls
 20564 | Elf:1    | Noticed Kirke
 20580 | Elf:1    | Noticed a sphinx
 20590 | Elf:1    | Killed Kirke
 20619 | Elf:1    | Noticed a Brimstone Fiend
 20644 | Elf:1    | Killed from afar by a Brimstone Fiend

Illustrated notes

Levels and vault maps discovered:
D:1:      lemuel_arrival_broad_hall, layout_loops_ring
D:2:      layout_loops_cross
D:3:      layout_loops_corners, marbit_many_paths, grunt_gozag_breadcrumbs,
          gammafunk_ghost_gnarly_gnolls, minmay_misc_feat_five
D:4:      layout_basic, uniq_blork_the_orc
D:5:      layout_loops_ring, minmay_temple_entry_glassed_door, serial_aquarium,
          aquarium_bridge_square [aquarium_subvault_bridge,
          aquarium_subvault_wall, aquarium_subvault_bridge,
          aquarium_subvault_window], aquarium_bridge_square
          [aquarium_subvault_bridge, aquarium_subvault_bridge,
          aquarium_subvault_wall, aquarium_subvault_balcony],
          aquarium_window_fake, aquarium_window_corridor_2, aquarium_view_2e,
          aquarium_view_2d, aquarium_pool_2, hangedman_abyss_or_decor_stagger
D:6:      layout_basic, nicolae_ru_awakened_eye, kennysheep_generic_room_7,
          uniq_grinder, uniq_edmund, uniq_maggie
D:7:      cheibrodos_two_vegetables, layout_loops_ring,
          mainiacjoe_overflow_boulevard, trog_butcher_becter,
          mainiacjoe_overflow_alcove_1
D:8:      layout_rooms, mainiacjoe_overflow_tiny_flanked
D:9:      layout_roguey, uniq_maurice, uniq_grum
D:10:     layout_loops_ring, lair_entry_dummy, uniq_erica
D:11:     layout_basic, david_orc_3, uniq_sonja
D:12:     layout_basic
Temple:   regret_index_temple_generic_petals
Lair:1:   minmay_guarded_unrand_snakebite, layout_hall_layers,
          nicolae_volcano_entry_s_turn, infiniplex_staircase_pool_2
Lair:2:   layout_roguey
Lair:3:   layout_cave_pods, spider_nest_entry_webs, grunt_megastairs_2
Lair:4:   gammafunk_indiana_jones, layout_regular_city,
          elwin_shoals_entry_stream
Lair:5:   layout_long_grid, minmay_slime_entry_oklob_open,
          gammafunk_ghost_arena, grunt_megastairs_4
Lair:6:   due_jungle_book, layout_gridlike, grunt_megastairs_1
Orc:1:    layout_diamond_mine, serial_shops, nicolae_shop_statue_plus,
          nicolae_shop_statue_plus, shop, shop_scrolls
Orc:2:    grunt_orc_community_town_hall, layout_diamond_mine,
          grunt_orc_community_big_house_1, grunt_orc_community_big_house_2,
          grunt_orc_community_house_3, grunt_orc_community_house_3,
          grunt_orc_community_house_2, grunt_orc_community_house_3,
          grunt_orc_community_house_2, basic_altar, uniq_azrael
Elf:1:    layout_gridlike, orc_legates, drop_trap, minmay_fountain_box,
          uniq_kirke

Skill      XL: |  1  2  3  4  5  6  7  8  9 10 11 12 13 14 15 |
---------------+----------------------------------------------+-----
Armour         | 4 5 6 7 8 9 10 | 10.2
Maces & Flails | 3 4 6 7 8 10 11 12 13 14 | 14.7
Shields        | 4 5 6 7 9 11 13 14 16 19 20 | 20.1
Dodging        | 1 2 3 4 5 6 |  6.6
Fighting       | |  3.4

Action                   |  1- 3 |  4- 6 |  7- 9 | 10-12 | 13-15 || total
-------------------------+-------+-------+-------+-------+-------++-------
Melee: Flail             |   115 |   172 |   345 |   910 |  2791 ||  4333
Invok: Call Merchant     |       |       |       |     1 |     1 ||     2
Evoke: Wand              |       |       |     3 |     4 |     7 ||    14
  Use: Scroll            |     3 |     7 |     5 |    13 |    14 ||    42
       Potion            |       |     2 |     1 |     3 |    12 ||    18
 Stab: Paralysed         |       |       |     4 |       |     4 ||     8
       Distracted        |       |       |     2 |     2 |    11 ||    15
       Invisible         |       |       |       |       |     6 ||     6
Armor: Scale mail        |    73 |   102 |   113 |   356 |    66 ||   710
       Plate armour      |       |       |       |       |   505 ||   505
Dodge: Dodged            |    35 |    68 |    57 |   225 |   447 ||   832
Block: Kite shield       |    64 |   100 |    72 |       |       ||   236
       Tower shield      |       |       |   257 |  1429 |  3747 ||  5433
